AoeStats
← Dr_DanglePeen_AD

Arabia

503927355Analyzed
2v2 RM · 28d ago on Sep 3, 2026· 38m 29s· 4 players
Game mode
Random Map
Map size
Medium (4 player)
Population
200
Speed
Normal
Resources
Standard
Victory
Conquest
Starting age
Dark Age
Ending age
Imperial Age
RankedLock teamsTeams togetherTeam positionsShared explorationLock speedFull tech treeHidden civsTurbo modeCheats
Victory
Defeat
🇺🇸 Lithuanians · United States
1176
+18
🇺🇸 Khitans · United States
1176
+18
🇨🇦 Wei · Canada
1257
-20
🇺🇸 Vikings · United States
1174
-16
Stonefoot28
4:47 Loom
9:48 Feudal Age
11:54 Double-Bit Axe
12:22 Horse Collar
21:48 Castle Age
20:07 Scale Barding Armor
19:57 Gold Mining
20:19 Forging
21:00 Bloodlines
21:45 Wheelbarrow
20:56 Town Watch
23:20 Chain Barding Armor
23:05 Husbandry
23:47 Bow Saw
27:16 Iron Casting
29:12 Heavy Plow
31:50 Town Patrol
33:17 Fletching
34:31 Bodkin Arrow
35:36 Stone Mining
38:42 Imperial Age
38:34 Hand Cart
LethalHubris
6:31 Loom
9:34 Feudal Age
10:23 Double-Bit Axe
10:20 Domestication
16:26 Wheelbarrow
19:16 Castle Age
18:44 Gold Mining
19:12 Fletching
20:08 Padded Archer Armor
21:43 Bow Saw
22:06 Husbandry
22:27 Bodkin Arrow
24:52 Thumb Ring
25:33 Heavy Cavalry Archer
30:47 Leather Archer Armor
37:33 Imperial Age
37:35 Ballistics
38:50 Parthian Tactics
38:28 Bracer
39:32 Chemistry
39:03 Ring Archer Armor
Veloester
5:15 Loom
9:04 Feudal Age
9:35 Double-Bit Axe
17:03 Wheelbarrow
20:06 Horse Collar
20:55 Bloodlines
21:33 Scale Barding Armor
25:01 Castle Age
23:37 Gold Mining
24:11 Forging
26:09 Husbandry
26:47 Fletching
31:23 Hand Cart
31:20 Bow Saw
34:29 Chain Barding Armor
34:44 Iron Casting
Dr_DanglePeen_AD
5:02 Loom
11:14 Feudal Age
20:22 Castle Age
22:04 Double-Bit Axe
22:35 Scale Mail Armor
22:49 Squires
22:37 Arson
24:55 Fletching
30:26 Ballistics
31:34 Bow Saw
32:20 Elite Skirmisher
33:54 Bodkin Arrow
34:00 Padded Archer Armor
34:51 Chieftains
37:39 Ballistics
Connection lost

Rejoining the realm…

Still unreachable

The connection could not be restored.

Session expired

The server has moved on; the page needs a fresh start.